 Dungeon Crawl Stone Soup version 0.32-a0-859-gb0a091d592 (webtiles) character file.

Game seed: 6559059146165958658

1038 Xavori the Trooper (level 8, 0/58 HPs)
             Began as a Djinni Chaos Knight on Mar 28, 2024.
             Was a Plaything of Xom.
             Slain by a gnoll
             ... wielding a +0 spear
             ... led by a gnoll bouda
              (6 damage)
             ... on level 6 of the Dungeon.
             The game lasted 00:07:02 (10684 turns).

Xavori the Trooper (Djinni Chaos Knight)           Turns: 10684, Time: 00:07:03

Health: 0/58       AC:  5    Str: 18    XL:     8   Next: 48%
Gold:   219        EV: 13    Int: 24    God:    Xom [*.....] SH:  5 Dex: 17

rFire   + . .        i - +3 falchion
rCold   x . .        (no shield)
rNeg    + + .        b - +2 leather armour
rPois   ∞            (helmet restricted)
rElec   .            (no cloak)
rCorr   .            (no gloves)
SInv    +            (boots unavailable)
Will    .....        j - amulet "Fiffageo" {Reflect *Corrode +Inv rN+ Dex+3 SH+5}
Stlth   +            g - ring of Incredulity {rF- rN+ AC+4 Int+7 Dex+3}
HPRegen 0.29/turn    (no ring)
MPRegen 0.00/turn

%: corrode self (3%), reflection, infuse magic (-1 HP)
@: corroded, flying
A: sickness immunity, fire resistance 2, cold vulnerability 1, float, innate
caster, HP casting, extra vitality 1, horns 1, see invisible, clever 1,
deterioration 1, strong 2, wild magic 1, sturdy frame 1
a: Renounce Religion, Evoke Invisibility


You were on level 6 of the Dungeon.
You worshipped Xom.
You were a special plaything of Xom.
You visited 1 branch of the dungeon, and saw 6 of its levels.

You collected 219 gold pieces.

Inventory:

Hand Weapons
 i - a +3 falchion (weapon)
Armour
 b - a +2 leather armour (worn)
Jewellery
 g - the ring of Incredulity (left hand) {rF- rN+ AC+4 Int+7 Dex+3}
   (Xom gifted it to you on level 1 of the Dungeon)

   [ring of protection]

   AC+4:      It affects your AC (+4).
   Int+7:     It affects your intelligence (+7).
   Dex+3:     It affects your dexterity (+3).
   rF-:       It makes you vulnerable to fire.
   rN+:       It protects you from negative energy.
 j - the amulet "Fiffageo" (around neck) {Reflect *Corrode +Inv rN+ Dex+3 SH+5}
   (You took it off an orc on level 3 of the Dungeon)

   [amulet of reflection]

   Reflect:   It reflects blocked missile attacks.
   Dex+3:     It affects your dexterity (+3).
   rN+:       It protects you from negative energy.
   +Inv:      It lets you turn invisible.
   *Corrode:  It may corrode you when you take damage.
   SH+5:      It affects your SH (+5).
Wands
 l - a wand of roots (9)
 t - a wand of light (5)
Scrolls
 a - a scroll of enchant weapon {unknown}
 c - a scroll of butterflies
 d - a scroll of teleportation
 e - 2 scrolls of fog
 f - a scroll of blinking {unknown}
 k - a scroll of noise {unknown}
 m - a scroll of identify {unknown}
 n - a scroll of poison {unknown}
 p - a scroll of immolation {unknown}
 r - a scroll of revelation {unknown}
Potions
 h - a potion of heal wounds {unknown}
 o - a potion of curing {unknown}
 q - 2 potions of might {unknown}
 s - a potion of haste {unknown}
 u - a potion of enlightenment {unknown}


   Skills:
 + Level 4.6 Fighting
 + Level 4.2 Long Blades
 + Level 3.6 Armour
 + Level 4.4 Dodging
 * Level 3.9 Spellcasting
 * Level 3.9 Conjurations
 * Level 3.9 Hexes
   Level 0.0 Charms
 * Level 3.9 Summonings
 * Level 3.9 Necromancy
 * Level 3.9 Translocations
   Level 0.0 Transmutations
 * Level 3.9 Fire Magic
 * Level 3.9 Ice Magic
 * Level 3.9 Air Magic
 * Level 3.9 Earth Magic
 * Level 3.9 Alchemy
 * Level 1.8 Evocations


You knew the following spells:

 Your Spells              Type           Power      Damage    Failure   Level
a - Foxfire               Conj/Fire      100%       2x1d9     3%          1
b - Searing Ray           Conj           60%        2d6       5%          2
c - Vampiric Draining     Necr           30%        2d8       10%         3
Your spell library was empty.

Dungeon Overview and Level Annotations

Branches:
Dungeon (6/15)             Temple (0/1) D:6

Altars:
Xom

Shops:
D:1 [


Innate Abilities, Weirdness & Mutations

You are immune to sickness and miasma.
You are immune to poison.
Your flesh is very heat resistant. (rF++)
You are vulnerable to cold. (rC-)
You float through the air rather than walking.
You learn spells naturally, not from books.
Your magical power is your life essence.
You have superior vitality. (+4 MHP)
You have a pair of small horns on your head.
You have supernaturally acute eyesight. (SInv)
Your mind is acute. (Int +4, Str/Dex -1)
Your body sometimes deteriorates upon taking damage.
Your muscles are very strong. (Str +8, Int/Dex -2)
Your spells are a little harder to cast, but a little more powerful.
Your movements are slightly less encumbered by armour. (ER -2)


Message History

You headbutt the gnoll bouda, but do no damage.
The gnoll bouda is almost dead.
The gnoll is no longer moving quickly.
You block the gnoll's attack. The gnoll bouda misses you.
You closely miss the gnoll bouda.
The gnoll bouda is almost dead.
The gnoll closely misses you.
The gnoll bouda hits you with a +0 club!
The gnoll hits you but does no damage.
You barely miss the gnoll bouda. Your headbutt misses the gnoll bouda.
The gnoll bouda is almost dead.
The gnoll bouda calls upon its god to heal the gnoll.
The gnoll is healed somewhat.
The gnoll barely misses you.
The gnoll bouda gazes fiercely through you!
You feel your attacks grow feeble. The gnoll bouda closely misses you.
You hit the gnoll bouda.
You kill the gnoll bouda!
The gnoll misses you.
Your magical contamination has completely faded away.
Unknown command.
The gnoll hits you with a +0 spear.
* * * LOW HITPOINT WARNING * * *
Things that are here:
a +0 club; a +0 robe; a +0 club You barely miss the gnoll.
The gnoll is lightly wounded.
You are now a special plaything of Xom.
The gnoll hits you with a +0 spear!
* * * LOW HITPOINT WARNING * * *
You hit the gnoll.
You headbutt the gnoll, but do no damage.
The gnoll is severely wounded.
Your attacks no longer feel as feeble.
The gnoll completely misses you.
You hit the gnoll.
The gnoll is almost dead.
The gnoll hits you with a +0 spear.
You die... "Boring in life, boring in death..."

##.##
###....###
##.##
#..####
#..## ##..#
##..###..##
##..#...#
##....##
##...#
##.## #@#
#g)# ##...
.....
.......
.......
#...(..
......


You could see a gnoll.

Vanquished Creatures
  An ice beast (D:6)
  A kobold brigand (D:6)
  A gnoll sergeant (D:5)
  3 scorpions
  A bombardier beetle (D:5)
  3 hounds (D:5)
  A gnoll bouda (D:6)
  An iguana (D:4)
  Ijyb (D:5)
  Natasha (thrice) (D:2)
  Robin (D:2)
  13 gnolls
  10 adders
  A white imp (D:5)
  A ribbon worm (D:2)
  4 dart slugs
  7 orcs
  9 endoplasms
  3 giant cockroaches
  15 goblins
  7 hobgoblins
  A jackal (D:6)
  8 quokkas
  7 ball pythons
  14 bats
  7 frilled lizards
  9 kobolds
  9 rats
142 creatures vanquished.

Vanquished Creatures (others)
  A ball python (D:1)
  8 foxfires
9 creatures vanquished.

Grand Total: 151 creatures vanquished

Notes
Turn   | Place    | Note
-------+----------+-------------------------------------------
     0 | D:1      | Xavori the Djinni Chaos Knight began the quest for the Orb.
     0 | D:1      | Reached XP level 1. HP: 20/20 MP: 0/0
    25 | D:1      | XOM: potion effect (haste)
    79 | D:1      | Found Osuntes's Armour Shop.
    84 | D:1      | Reached XP level 2. HP: 25/25 MP: 0/0
   217 | D:1      | XOM: silly message
   223 | D:1      | Reached skill level 1 in Spellcasting
   223 | D:1      | Reached skill level 1 in Conjurations
   223 | D:1      | Reached skill level 1 in Hexes
   223 | D:1      | Reached skill level 1 in Summonings
   223 | D:1      | Reached skill level 1 in Necromancy
   223 | D:1      | Reached skill level 1 in Translocations
   223 | D:1      | Reached skill level 1 in Fire Magic
   223 | D:1      | Reached skill level 1 in Ice Magic
   223 | D:1      | Reached skill level 1 in Air Magic
   223 | D:1      | Reached skill level 1 in Earth Magic
   223 | D:1      | Reached skill level 1 in Alchemy
   223 | D:1      | Reached XP level 3. HP: 30/30 MP: 0/0
   223 | D:1      | Learned a level 1 spell: Foxfire
   275 | D:1      | XOM: silly message
   393 | D:1      | XOM: potion effect (brilliance)
   494 | D:1      | Reached XP level 4. HP: 35/35 MP: 0/0
  1449 | D:1      | XOM: silly message
  1761 | D:1      | XOM: silly message
  1917 | D:1      | XOM: silly message
  2463 | D:1      | XOM: summons 2 hostile demons
  2988 | D:1      | XOM: scenery: summon butterflies
  3024 | D:1      | XOM: scenery: create altars
  3030 | D:1      | XOM: give mutations
  3030 | D:1      | Gained mutation: You have a pair of small horns on your
                  | head. [Xom's grace]
  3030 | D:1      | Gained mutation: Your muscles are strong. (Str +4, Int/Dex
                  | -1) [Xom's grace]
  3502 | D:1      | XOM: give mutation
  3502 | D:1      | Gained mutation: Your spells are a little harder to cast,
                  | but a little more powerful. [Xom's mischief]
  3555 | D:1      | XOM: noise
  3712 | D:1      | XOM: give mutations
  3712 | D:1      | Gained mutation: Your mind is acute. (Int +4, Str/Dex -1)
                  | [Xom's mischief]
  3712 | D:1      | Gained mutation: Your body sometimes deteriorates upon
                  | taking damage. [Xom's mischief]
  3868 | D:1      | XOM: give mutation
  3868 | D:1      | Gained mutation: You are frail. (-10% HP) [Xom's mischief]
  4339 | D:1      | XOM: silly message
  4730 | D:1      | XOM is BORED!
  4730 | D:1      | XOM: summons 3 hostile demons
  4753 | D:2      | XOM: cloud trail
  5638 | D:1      | Identified the ring of Incredulity {rF- rN+ AC+4 Int+7
                  | Dex+3} (Xom gifted it to you on level 1 of the Dungeon)
  5638 | D:1      | XOM: god gift: ring of Incredulity {rF- rN+ AC+4 Int+7
                  | Dex+3}
  5641 | D:1      | XOM: give mutations
  5641 | D:1      | Gained mutation: You have supernaturally acute eyesight.
                  | (SInv) [Xom's grace]
  5641 | D:1      | Lost mutation: You are frail. (-10% HP) [Xom's grace]
  6473 | D:1      | XOM: scenery: create altars
  6958 | D:1      | XOM: torment (21/35 hp)
  7059 | D:1      | XOM: give mutations
  7059 | D:1      | Gained mutation: Your muscles are very strong. (Str +8,
                  | Int/Dex -2) [Xom's grace]
  7059 | D:1      | Gained mutation: Your movements are slightly less
                  | encumbered by armour. (ER -2) [Xom's grace]
  7222 | D:2      | Noticed Natasha
  7238 | D:2      | Killed Natasha
  7342 | D:2      | Noticed Robin
  7378 | D:2      | Reached XP level 5. HP: 9/40 MP: 0/0
  7378 | D:2      | Learned a level 2 spell: Searing Ray
  7378 | D:2      | Killed Robin
  7645 | D:2      | Noticed Natasha
  7652 | D:2      | Killed Natasha
  7656 | D:2      | Noticed Natasha
  7658 | D:2      | XOM: swap monsters
  7663 | D:2      | Killed Natasha
  8166 | D:3      | Reached XP level 6. HP: 46/46 MP: 0/0
  8561 | D:3      | Identified the amulet "Fiffageo" {Reflect *Corrode +Inv rN+
                  | Dex+3 SH+5}
  8615 | D:3      | XOM: swap monsters
  8974 | D:4      | XOM: smoke on damage
  8977 | D:4      | XOM: chaos upgrade
  9000 | D:4      | Reached XP level 7. HP: 22/51 MP: 0/0
  9000 | D:4      | Learned a level 3 spell: Vampiric Draining
  9580 | D:4      | XOM: noise
  9588 | D:5      | Entered Level 5 of the Dungeon
  9595 | D:5      | XOM: summons friendly ufetubus
  9609 | D:4      | XOM: polymorph sky beast -> ball python
  9663 | D:5      | XOM: cleaving
  9829 | D:5      | XOM: confuse monster(s)
  9947 | D:5      | Noticed Ijyb
  9961 | D:5      | Killed Ijyb
  9962 | D:5      | Reached XP level 8. HP: 23/58 MP: 0/0
 10426 | D:6      | Reached skill level 1 in Evocations
 10531 | D:6      | Found a staircase to the Ecumenical Temple.
 10668 | D:6      | XOM: polymorph jelly -> jackal
 10684 | D:6      | Slain by a gnoll

Illustrated notes

Levels and vault maps discovered:
D:1:      tekkud_arrival_beachfront_property, layout_loops_cross, serial_shops,
          shop_fountains, minmay_misc_feat_alley
D:2:      layout_loops_ring, skrybe_limestone_x, minmay_misc_feat_tiny,
          hangedman_decor_clover_reticule, grunt_ministairs_13,
          serial_bayou_lake_a, uniq_robin, uniq_natasha
D:3:      layout_basic, roderic_batcave, minmay_diced_spiral
D:4:      layout_cave_pools, minmay_misc_feat_cross, st_stairs_6
D:5:      layout_cave_pools, uniq_ijyb
D:6:      layout_cave_pods, minmay_temple_entry_wispy

Skill      XL: |  1  2  3  4  5  6  7  8 |
---------------+-------------------------+-----
Spellcasting   | 1 2 3 |  3.9
Conjurations   | 1 2 3 |  3.9
Hexes          | 1 2 3 |  3.9
Summonings     | 1 2 3 |  3.9
Necromancy     | 1 2 3 |  3.9
Translocations | 1 2 3 |  3.9
Fire Magic     | 1 2 3 |  3.9
Ice Magic      | 1 2 3 |  3.9
Air Magic      | 1 2 3 |  3.9
Earth Magic    | 1 2 3 |  3.9
Alchemy        | 1 2 3 |  3.9
Long Blades    | 3 4 |  4.2
Armour         | 2 3 |  3.6
Dodging        | 3 4 |  4.4
Fighting       | 4 |  4.6
Evocations     | 1 |  1.8

Action                     |  1- 3 |  4- 6 |  7- 9 || total
---------------------------+-------+-------+-------++-------
  Melee: Falchion          |    94 |   203 |   131 ||   428
         Headbutt          |       |    33 |    35 ||    68
   Cast: Foxfire           |       |       |     5 ||     5
         Searing Ray       |       |       |     4 ||     4
    Use: Scroll            |       |     1 |     1 ||     2
   Stab: Confused          |       |     2 |       ||     2
         Sleeping          |       |       |     2 ||     2
 Armour: Leather armour    |    68 |   161 |   104 ||   333
  Dodge: Dodged            |    66 |   173 |    97 ||   336
  Block: Other             |       |    10 |    34 ||    44
         Reflection        |       |       |     1 ||     1

Table legend: (Time is in decaauts)
 A = Elapsed time spent in this place.
 B = Non-inter-level travel time spent in this place.
 C = Inter-level travel time spent in this place.
 D = Time resting spent in this place.
 E = Time spent auto-exploring this place.
 F = Levels seen in this place.
 G = Mean time per level.
                   A        B        C        D        E       F      G
               +--------+--------+--------+--------+--------+-----+--------+
         Total |  10731 |  10656 |     75 |   6899 |   2831 |   6 | 1788.5 |
       Dungeon |  10731 |  10656 |     75 |   6899 |   2831 |   6 | 1788.5 |
               +--------+--------+--------+--------+--------+-----+--------+

Top non-repeatable levels by time:
     D:1: 6406 daAuts
     D:2: 1667 daAuts
     D:3: 887 daAuts
     D:4: 803 daAuts
     D:5: 689 daAuts
     D:6: 277 daAuts
